 Dungeon Crawl Stone Soup version 0.31-a0-1370-gf52a5a9ab3 (webtiles) character file.

Game seed: 13469231524936979639

164 BigPumpCobain the Ruffian (level 5, -7/40 HPs)
             Began as a Draconian Shapeshifter on Dec 23, 2023.
             Shot with an arrow by a centaur (12 damage)
             ... on level 4 of the Dungeon.
             The game lasted 00:04:50 (2660 turns).

BigPumpCobain the Ruffian (Draconian Shapeshifter)  Turns: 2660, Time: 00:04:51

Health: -7/40      AC:  5    Str: 19    XL:     5   Next: 21%
Magic:  5/5        EV: 12    Int: 10    God:
Gold:   157        SH:  0    Dex: 10    Spells: 4/4 levels left

rFire   . .          .
                       - Unarmed
rCold   . . .        (no shield)
rNeg    . . .        (body armour unavailable)
rPois   .            (helmet currently unavailable)
rElec   .            (cloak currently unavailable)
rCorr   .            (gloves currently unavailable)
SInv    .            (boots currently unavailable)
Will    .....        (no amulet)
Stlth   +            (no ring)
HPRegen 0.26/turn    (no ring)
MPRegen 0.09/turn

%: no passive effects
@: beast-form
A: beast (slay +2), AC +5, unfitting armour, cold-blooded
a: Begin Untransformation


You were on level 4 of the Dungeon.
You were a hulking beast.
You visited 1 branch of the dungeon, and saw 4 of its levels.

You collected 157 gold pieces.

Inventory:

Hand Weapons
 l - the +10 long sword "Deobri" {flame, *Rage rN+ Int+2}
   (You found it on level 2 of the Dungeon)

   Int+2:     It affects your intelligence (+2).
   rN+:       It protects you from negative energy.
   *Rage:     It berserks you when you make melee attacks (+20% chance).
 o - a +2 dagger of flaming
Jewellery
 p - a ring of positive energy
Talismans
 b - a beast talisman
 c - a flux talisman
Scrolls
 e - 2 scrolls of summoning
 f - 3 scrolls of teleportation
 i - a scroll of enchant armour
 j - 2 scrolls of revelation {unknown}
 m - 2 scrolls of amnesia {unknown}
 q - a scroll of brand weapon {unknown}
Potions
 a - a potion of lignification
 g - 3 potions of heal wounds {unknown}
 h - 2 potions of haste {unknown}
 k - 2 potions of degeneration {unknown}
 n - a potion of attraction {unknown}


   Skills:
 - Level 1.1 Fighting
 - Level 1.7 Dodging
 + Level 4.7 Unarmed Combat
 + Level 4.4 Shapeshifting


You had 4 spell levels left.
You didn't know any spells.
Your spell library contained the following spells:

 Spells                   Type           Power      Damage    Failure   Level
 Cause Fear               Hex            0%         N/A       98%         4
 Fireball                 Conj/Fire      0%         3d3       100%        5
 Dragon's Call            Summ           0%         N/A       100%        9


Dungeon Overview and Level Annotations

Branches:
Dungeon (4/15)
 Temple: D:4-7

Altars:


Innate Abilities, Weirdness & Mutations

You are a hulking beast.
Your limbs bulge with bestial killing power. (Slay +2)
Your plain brown scales are hard. (AC +5)
You cannot fit into any form of body armour.
You are cold-blooded and may be slowed by cold attacks.


Message History

You punch the endoplasm!
You kill the endoplasm!
The kobold hits you with a +0 short sword.
You completely miss the kobold. You closely miss the kobold.
Your punch misses the kobold. The kobold hits you but does no damage.
You punch the kobold!
You kill the kobold!
Things that are here:
a +0 club; a goblin corpse
Found a short sword.
There is an open door here.
j - 2 scrolls labelled DUPI ECHIJA (gained 1)
There is an open door here.
There is an open door here.
A centaur comes into view.
The centaur shouts!
The centaur wields a +0 orcbow.
The centaur shoots an arrow.
The arrow barely misses you.
The centaur shoots an arrow.
The arrow hits you.
The centaur shoots an arrow.
The arrow barely misses you.
The centaur shoots an arrow.
The arrow barely misses you.
The centaur shoots an arrow.
The arrow misses you.
The centaur shoots an arrow.
The arrow hits you.
The centaur shoots an arrow.
The arrow hits you!
You open the door.
Found a mace and a leather armour.
Found a metallic grey potion.
There is an open door here.
You aren't wearing anything.
The centaur unwields a +0 orcbow.
The centaur closely misses you.
The centaur kicks you but does no damage.
There is an open door here.
The centaur wields a +0 orcbow.
The centaur shoots an arrow.
The arrow hits you!
The centaur shoots an arrow.
The arrow hits you!
* * * LOW HITPOINT WARNING * * *
You close the door.
A centaur opens the door.
You close the door.
A centaur breaks down the door.
The centaur shoots an arrow.
The arrow hits you!
You die...

# #.#
#####..#...#### #
#.# ..............#
###.# ...#..)#..†#.#
..#.# ###...))###..#
....# ####
#.#.c.#)#)#.## ...<#
.....##'....c'##..#
...##
#...#####...#.# ..##
#....#c#..!#.#...###
.##
#.####.'h.)#.###....
.# # #.#..[#.#...###
.#######.
...#####c..#.#
.........
..##+.....'##..#
########...
#.#...#?# ## .#
#.....### ...#...#.
....... . #.c#..# .#


You could see a centaur.

Vanquished Creatures
  A gnoll (D:4)
  6 adders
  2 worms
  3 dart slugs
  An orc (D:4)
  11 endoplasms
  2 giant cockroaches (D:2)
  4 hobgoblins
  10 jackals
  5 quokkas
  5 ball pythons
  4 bats
  3 frilled lizards
  11 goblins
  11 kobolds
  4 rats
83 creatures vanquished.

Notes
Turn   | Place    | Note
-------+----------+-------------------------------------------
     0 | D:1      | BigPumpCobain the Draconian Shapeshifter began the quest
                  | for the Orb.
     0 | D:1      | Reached XP level 1. HP: 16/16 MP: 1/1
   164 | D:1      | Reached XP level 2. HP: 19/23 MP: 2/2
   556 | D:1      | Reached XP level 3. HP: 28/28 MP: 3/3
  1044 | D:2      | Identified the +10 long sword "Deobri" {flame, *Rage rN+
                  | Int+2}
  1707 | D:3      | Reached XP level 4. HP: 32/35 MP: 4/4
  2526 | D:4      | Reached XP level 5. HP: 40/40 MP: 5/5
  2640 | D:4      | Noticed a centaur
  2660 | D:4      | Shot with an arrow by a centaur

Illustrated notes

Levels and vault maps discovered:
D:1:      dpeg_arrival_water_temple_mockup, layout_basic,
          chequers_serial_rivers_small_b, minmay_tetromino_t2
D:2:      layout_basic, grunt_decor_one_mirror
D:3:      layout_loops_cross
D:4:      layout_loops_ring, minmay_fractal_squares_diagonal_5, uniq_grinder

Skill      XL: |  1  2  3  4 |
---------------+-------------+-----
Unarmed Combat | 4 |  4.7
Shapeshifting  | 4 |  4.4
Fighting       | |  1.1
Dodging        | |  1.7

Action                     |  1- 3 |  4- 6 || total
---------------------------+-------+-------++-------
  Melee: Unarmed           |   137 |    81 ||   218
         Tailslap          |     9 |    10 ||    19
         Punch             |     3 |     2 ||     5
    Use: Scroll            |       |     3 ||     3
   Stab: Sleeping          |     1 |       ||     1
 Armour: Skin              |    60 |    48 ||   108
  Dodge: Dodged            |    66 |    61 ||   127

Table legend: (Time is in decaauts)
 A = Elapsed time spent in this place.
 B = Non-inter-level travel time spent in this place.
 C = Inter-level travel time spent in this place.
 D = Time resting spent in this place.
 E = Time spent auto-exploring this place.
 F = Levels seen in this place.
 G = Mean time per level.
                   A        B        C        D        E       F      G
               +--------+--------+--------+--------+--------+-----+--------+
         Total |   2646 |   2630 |     16 |      0 |   2145 |   4 |  661.5 |
       Dungeon |   2646 |   2630 |     16 |      0 |   2145 |   4 |  661.5 |
               +--------+--------+--------+--------+--------+-----+--------+

Top non-repeatable levels by time:
     D:1: 876 daAuts
     D:3: 771 daAuts
     D:2: 530 daAuts
     D:4: 467 daAuts
